 Dungeon Crawl Stone Soup version 0.24.0-13-gcf9b3192b9 (webtiles) character file.

Game seed: 13953087306415699337, levelgen mode: deterministic

7 Aviak the Caller (level 2, 0/22 (23) HPs)
             Began as a Ghoul Summoner on Nov 5, 2019.
             Slain by a bat (1 damage)
             ... on level 1 of the Dungeon.
             The game lasted 00:00:46 (120 turns).

Aviak the Caller (Ghoul Summoner)                    Turns: 120, Time: 00:00:47

HP:   0/22 (23)     AC:  2    Str: 11    XL:     2   Next: 4%
MP:   1/3           EV: 12    Int: 10    God:
Gold: 10            SH:  0    Dex:  9    Spells: 3/4 levels left

rFire    . . .     SeeInvis .   (no weapon)
rCold    + . .     Gourm    .   (no shield)
rNeg     + + +     Faith    .   a - +0 robe
rPois    ∞         Spirit   .   (no helmet)
rElec    .         Reflect  .   (no cloak)
rCorr    .         Harm     .   (no gloves)
MR       .....                  (no boots)
Stlth    ++........             (no amulet)
HPRegen  0.00/turn              (no ring)
MPRegen  0.08/turn              (no ring)

@: rotting
A: rotting body, claws 1, carnivore, cold resistance 1, negative energy
resistance 3, inhibited regeneration, torment resistance, unbreathing
a: no special abilities


You were on level 1 of the Dungeon.
You were not hungry.

You visited 1 branch of the dungeon, and saw 1 of its levels.

You collected 10 gold pieces.

Inventory:

Armour
 a - a +0 robe (worn)
Comestibles
 c - a ration


   Skills:
 + Level 1.1 Fighting
 + Level 2.1 Dodging
 - Level 2.1 Stealth
 - Level 1.7 Spellcasting
 - Level 3.6 Summonings


You had 3 spell levels left.
You knew the following spells:

 Your Spells              Type           Power        Failure   Level  Hunger
a - Summon Small Mammal   Summ           #...         8%          1    ##.....

Your spell library contained the following spells:

 Spells                   Type           Power        Failure   Level  Hunger
 Call Imp                 Summ           #.......     11%         2    ###....
 Call Canine Familiar     Summ           #.......     22%         3    ####...
 Summon Guardian Golem    Hex/Summ       #.......     43%         3    ####...
 Summon Ice Beast         Ice/Summ       #.......     83%         4    #####..
 Summon Lightning Spire   Summ/Air       #.......     83%         4    #####..


Dungeon Overview and Level Annotations

Branches:
Dungeon (1/15)

Altars:


Innate Abilities, Weirdness & Mutations

Your body is rotting away.
You thrive on raw meat.
You are immune to poison.
You have sharp fingernails.
You are carnivorous and can eat meat at any time.
Your flesh is cold resistant. (rC+)
You are immune to negative energy. (rN+++)
You do not regenerate when monsters are visible.
You are immune to unholy pain and torment.
You can survive without breathing.


Message History

The bat misses you. The bat hits you but does no damage.
Things that are here:
2 throwing nets {!f}; a dart slug corpse Unknown command.
You scratch the bat.
The bat is severely wounded.
The bat barely misses you.
Unknown command.
The bat hits you but does no damage.
You see here a leopard gecko corpse.
You barely miss the bat.
The bat is severely wounded.
The bat hits you.
* * * LOW HITPOINT WARNING * * *
The bat completely misses you.
You swap places.
Your bat misses the bat. You closely miss the bat.
The bat is severely wounded.
The bat hits you.
You die...

### .# # ###.. #.#
.# ..
#.#!#.###.##.##..
#......#.........
##.#.###........
#...b(@#.#....#
###(#$#b#.?....## ..
#...###...)......
....#.###.###.##.##.
..............#
######.#######
########.######
..............#
..............#


You could see a bat and a friendly bat.

Vanquished Creatures
  A dart slug (D:1)
  A leopard gecko (D:1)
  A bat (D:1)
  A goblin (D:1)
4 creatures vanquished.

Vanquished Creatures (collateral kills)
  A dart slug (D:1)
1 creature vanquished.

Grand Total: 5 creatures vanquished

Notes
Turn   | Place    | Note
-------+----------+-------------------------------------------
     0 | D:1      | Aviak the Ghoul Summoner began the quest for the Orb.
     0 | D:1      | Reached XP level 1. HP: 14/14 MP: 2/2
    91 | D:1      | Reached skill level 1 in Fighting
   104 | D:1      | Reached XP level 2. HP: 4/22 MP: 0/3
   118 | D:1      | HP: 1/22 [bat (1)]
   120 | D:1      | Slain by a bat

Levels and vault maps discovered:
D:1:      scummos_arrival_gate, layout_basic, minmay_indecisive_spiral

Skill      XL: |  1 |
---------------+----+-----
Dodging        | 2 |  2.1
Fighting       | 1 |  1.1
Stealth        | |  2.1
Spellcasting   | |  1.7
Summonings     | |  3.6

Action                   || total
-------------------------++-------
Melee: Unarmed           ||    28
 Cast: Summon Small Mamm ||     7
Armor: Robe              ||    13
Dodge: Dodged            ||    37
